 Dungeon Crawl Stone Soup version 0.31-a0-303-gdc8c9485ea (webtiles) character file.

Game seed: 14020401873817409691

137 Zonian the Sneak (level 5, -2/2 HPs)
             Began as a Vine Stalker Brigand on July 16, 2023.
             Slain by a goblin
             ... wielding a +0 dagger
              (4 damage)
             ... on level 3 of the Dungeon.
             The game lasted 00:04:57 (2250 turns).

Zonian the Sneak (Vine Stalker Brigand)             Turns: 2250, Time: 00:04:58

Health: -2/2       AC:  2    Str: 16    XL:     5   Next: 20%
Magic:  0/6        EV: 11    Int: 11    God:
Gold:   105        SH:  0    Dex: 15    Spells: 4/4 levels left

rFire   . . .        a - +2 dagger
rCold   . . .        (no shield)
rNeg    + . .        b - melded +0 robe
rPois   .            (no helmet)
rElec   .            c - +0 cloak
rCorr   .            q - +0 pair of gloves
SInv    .            (no boots)
Will    .....        (no amulet)
Stlth   +++          i - ring of positive energy
HPRegen 1.00/turn    (no ring)
MPRegen 0.10/turn

%: guardian spirit
@: maw-form
A: devouring maw, reduced hp, fangs 2, regeneration 1, magic shield, antimagic
bite, no potion heal 2
a: Begin Untransformation


You were on level 3 of the Dungeon.
You were a creature with a mouth for a stomach.
You visited 1 branch of the dungeon, and saw 3 of its levels.

You collected 105 gold pieces.

Inventory:

Hand Weapons
 a - a +2 dagger (weapon)
 r - a +2 heavy sling
Missiles
 d - 11 poisoned darts (quivered)
 e - 2 curare-tipped darts
Armour
 b - a +0 robe (melded)
 c - a +0 cloak (worn)
 q - a +0 pair of gloves (worn)
 s - a +0 buckler
Jewellery
 i - a ring of positive energy (left hand)
Talismans
 u - a maw talisman
Scrolls
 f - 2 scrolls of teleportation {unknown}
 h - a scroll of fear {unknown}
 k - a scroll of poison {unknown}
 l - 3 scrolls of fog {unknown}
 o - a scroll of enchant armour {unknown}
 p - 3 scrolls of enchant weapon {unknown}
Potions
 g - 3 potions of curing {unknown}
 j - a potion of lignification {unknown}
 m - a potion of ambrosia {unknown}
 n - a potion of might {unknown}
 t - a potion of haste {unknown}


   Skills:
 + Level 2.7 Fighting
 + Level 2.6 Short Blades
 - Level 2.0 Throwing
 - Level 1.0 Dodging
 + Level 5.7 Stealth
 + Level 1.8 Unarmed Combat


You had 4 spell levels left.
You didn't know any spells.
Your spell library contained the following spells:

 Spells                   Type           Power      Damage    Failure   Level
 Summon Small Mammal      Summ           0%         N/A       34%         1
 Call Canine Familiar     Summ           0%         N/A       71%         3
 Ozocubu's Armour         Ice            0%         N/A       71%         3
 Summon Guardian Golem    Hex/Summ       0%         N/A       71%         3
 Ozocubu's Refrigeration  Ice            0%         4d7       100%        7


Dungeon Overview and Level Annotations

Branches:
Dungeon (3/15)

Altars:


Innate Abilities, Weirdness & Mutations

You are a creature with a mouth for a stomach.
Your midsection houses a second, enormous mouth.
Your maximum health is decreased, since you lack skill for your form.
You have extremely sharp teeth.
Your natural rate of healing is unusually fast.
When hurt, damage is shared between your health and your magic reserves.
Your bite disrupts and absorbs the magic of your enemies.
Potions cannot restore your health.


Message History

Ouch! That really hurt!
The orc barely misses you.
You are too injured to fight recklessly!
Unknown command.
You hit the orc.
You devour the orc!
You feel better.
You kill the orc!
Unknown command.
Okay, then.
You hit the orc but do no damage. You bite the orc, but do no damage.
Your bite misses the orc. The orc hits you with a +0 club.
Ouch! That really hurt!
The orc closely misses you.
Unknown command.
Okay, then.
Throw: 3 darts (curare)
Press: ? - help, Shift-Dir - straight line, f - orc priest
Aim: an orc priest, wielding a +0 club (57% to hit)
You throw a curare-tipped dart.
The curare-tipped dart hits the orc priest.
The orc priest is poisoned.
The orc priest convulses.
The orc priest seems to slow down.
The orc priest is heavily wounded.
The orc closely misses you.
Unknown command.
You hit the orc priest. You bite the orc priest.
You devour the orc priest!
You feel better.
You kill the orc priest!
The orc completely misses you. The orc barely misses you.
The orc hits you with a +0 dagger.
Ouch! That really hurt!
You have reached level 5!
You closely miss the orc. Your bite misses the orc. You bite the orc.
The orc is almost dead.
The orc closely misses you. x2
Unknown command.
You hit the orc.
You devour the orc!
You feel better.
You kill the orc!
The goblin hits you with a +0 dagger.
Ouch! That really hurt!
You die...

......... . . ..........
.. .. ........... ... ...
#........... ... ....
#........... ...
.....##........... ...
......)............. #..
#..().og........... ...
.......#W..$..#......##..
.?.....#......##.....#..<
.......#......##.....#.##
.......#......##.........
.........................
.......####............#.
..........'..............
.....#####............##
...................†....


You could see an orc and a goblin.

Vanquished Creatures
  An orc priest (D:3)
  Jessica (D:2)
  2 adders (D:2)
  A worm (D:2)
  2 dart slugs
  2 orcs (D:3)
  6 ball pythons
  4 bats
  4 endoplasms
  3 giant cockroaches (D:2)
  4 goblins
  6 hobgoblins
  2 quokkas
  7 frilled lizards
  7 kobolds
  8 rats (D:1)
60 creatures vanquished.

Notes
Turn   | Place    | Note
-------+----------+-------------------------------------------
     0 | D:1      | Zonian the Vine Stalker Brigand began the quest for the
                  | Orb.
     0 | D:1      | Reached XP level 1. HP: 11/11 MP: 2/2
   430 | D:1      | Reached skill level 1 in Dodging
   430 | D:1      | Reached XP level 2. HP: 15/15 MP: 3/3
   454 | D:1      | Reached skill level 5 in Stealth
   975 | D:1      | Reached XP level 3. HP: 18/18 MP: 2/4
  1190 | D:2      | Reached skill level 1 in Unarmed Combat
  1352 | D:2      | Found a faded altar of an unknown god.
  1730 | D:2      | Gained mutation: Your natural rate of healing is unusually
                  | fast. [Vine Stalker growth]
  1730 | D:2      | Reached XP level 4. HP: 22/23 MP: 5/5
  1935 | D:2      | Noticed Jessica
  1942 | D:2      | Killed Jessica
  2248 | D:3      | Reached XP level 5. HP: 1/27 MP: 0/6
  2250 | D:3      | Slain by a goblin

Illustrated notes

Levels and vault maps discovered:
D:1:      dpeg_arrival_ratfight, layout_loops_cross, serial_bayou_pond_a
D:2:      layout_basic, hellmonk_ecumenical_altar_zigzags,
          serial_park_tiny_pond, minmay_pentomino_t4, uniq_jessica
D:3:      layout_basic, chequers_temple_overflow_statue_of_worship,
          serial_shops, nicolae_diamond_shop, uniq_sigmund

Skill      XL: |  1  2  3 |
---------------+----------+-----
Dodging        | 1 |  1.0
Stealth        | 5 |  5.7
Fighting       | 2 |  2.7
Throwing       | 2 |  2.0
Short Blades   | 2 |  2.6
Unarmed Combat | 1 |  1.8

Action                     |  1- 3 |  4- 6 || total
---------------------------+-------+-------++-------
  Melee: Dagger            |    91 |    35 ||   126
         Bite              |    17 |     9 ||    26
         Punch             |     1 |       ||     1
         Maw               |       |     2 ||     2
  Throw: Dart              |       |     1 ||     1
   Stab: Sleeping          |    11 |     5 ||    16
 Armour: Robe              |     9 |     4 ||    13
  Dodge: Dodged            |    29 |    20 ||    49
   Form: Maw               |       |     1 ||     1

Table legend: (Time is in decaauts)
 A = Elapsed time spent in this place.
 B = Non-inter-level travel time spent in this place.
 C = Inter-level travel time spent in this place.
 D = Time resting spent in this place.
 E = Time spent auto-exploring this place.
 F = Levels seen in this place.
 G = Mean time per level.
                   A        B        C        D        E       F      G
               +--------+--------+--------+--------+--------+-----+--------+
         Total |   2236 |   2194 |     42 |    428 |   1314 |   3 |  745.3 |
       Dungeon |   2236 |   2194 |     42 |    428 |   1314 |   3 |  745.3 |
               +--------+--------+--------+--------+--------+-----+--------+

Top non-repeatable levels by time:
     D:2: 1045 daAuts
     D:1: 1016 daAuts
     D:3: 175 daAuts
